 Dungeon Crawl Stone Soup version 0.19-a0-1225-gf887c1c (webtiles) character file.

88 Deemzul the Slasher (level 4, -2/31 HPs)
             Began as an Octopode Berserker on Aug 24, 2016.
             Was a Believer of Trog.
             Slain by Crazy Yiuf
             ... wielding a +3 quarterstaff of chaos
              (20 damage)
             ... on level 2 of the Dungeon.
             The game lasted 00:01:27 (1800 turns).

Deemzul the Slasher (Octopode Berserker)            Turns: 1800, Time: 00:01:27

Health: -2/31      AC:  1    Str: 16    XL:     4   Next: 53%
Magic:  4/4        EV: 14    Int:  9    God:    Trog [**....]
Gold:   86         SH:  0    Dex: 12    Spells: 0 memorised, 3 levels left

rFire  . . .     SeeInvis .     a - +0 falchion
rCold  . . .     Gourm    .     (no shield)
rNeg   . . .     Faith    .     (helmet restricted)
rPois  .         Spirit   .     (no amulet)
rElec  .         Dismiss  .     (no ring)
rCorr  .         Reflect  .     (no ring)
MR     .....     Harm     .     (no ring)
Stlth  ++........               (no ring)
                                (no ring)
                                (no ring)
                                (no ring)
                                (no ring)

@: confused
A: almost no armour, amphibious, 8 rings, constrict 8, camouflage 1, gelatinous
body 1
a: Berserk, Trog's Hand, Burn Spellbooks, Renounce Religion


You were on level 2 of the Dungeon.
You worshipped Trog.
Trog was pleased with you.
You were not hungry.

You visited 1 branch of the dungeon, and saw 2 of its levels.

You collected 86 gold pieces.

Inventory:

Hand Weapons
 a - a +0 falchion (weapon)
Jewellery
 p - an uncursed amulet of harm {unknown}
 q - a cursed ring of loudness {unknown}
Scrolls
 e - a scroll of teleportation {unknown}
 f - a scroll of enchant weapon {unknown}
 g - a scroll of immolation {unknown}
 h - a scroll of remove curse {unknown}
 j - 2 scrolls of identify {unknown}
Potions
 c - a potion of might {unknown}
 d - a potion of heal wounds {unknown}
 k - a potion of mutation {unknown}
 l - a potion of haste {unknown}
 m - a potion of lignification {unknown}
 n - a potion of flight {unknown}
 o - a potion of degeneration {unknown}
Comestibles
 b - 3 bread rations
 i - a beef jerky


   Skills:
 + Level 3.3 Fighting
 * Level 4.6 Long Blades
 + Level 3.3 Dodging


You had 3 spell levels left.
You didn't know any spells.

Dungeon Overview and Level Annotations

Branches:
Dungeon (2/15)

Altars:
Fedhas

Annotations:
D:2 Crazy Yiuf


Innate Abilities, Weirdness & Mutations

You cannot wear most types of armour.
You are amphibious.
You can wear up to eight rings at the same time.
You can use your tentacles to constrict eight enemies at once.
Your skin changes colour to match your surroundings (Stealth+).
Your rubbery body absorbs attacks. (AC +1, EV +1)


Message History

Partly explored, obstructed by runed door.
No target in view!
You open the door.
Crazy Yiuf the Enlightened comes into view.
He is wielding a quarterstaff of chaos.
Crazy Yiuf shouts!
Crazy Yiuf says, "Mountain spinner dark!"
Found a mace.
There is an open door here.
You hit Crazy Yiuf. Your grab misses Crazy Yiuf.
Crazy Yiuf is lightly wounded.
Crazy Yiuf flaps his cloak.
Crazy Yiuf hits you with a quarterstaff of chaos!
You are confused.
You are too confused!
You are too confused!
You're too confused to move!
Crazy Yiuf hits you with a quarterstaff of chaos.
You are electrocuted!
Ouch! That really hurt!
You die...

########...#
#....# #####
♣...P♣
♣♣P..♣ ♣♣.♣♣
♣♣.♣ ♣.♣♣
♣♣.♣ ####
♣.♣♣ ...#
#### #@#
.≈≈# #..#
#.g.# _≈.##
#.## #...#
≈≈≈.# #.#
#)..#
....#####.#
#####
..........#
###########


You could see Crazy Yiuf.

Vanquished Creatures
  A gnoll (D:2)
  2 adders (D:2)
  A worm (D:2)
  2 dart slugs (D:1)
  2 giant geckos (D:2)
  3 giant cockroaches (D:1)
  2 goblins (D:1)
  7 hobgoblins
  7 jackals
  2 quokkas (D:2)
  A ball python (D:1)
  6 bats
  2 giant newts
  5 kobolds (D:2)
  7 rats
50 creatures vanquished.

Notes
Turn   | Place    | Note
-------+----------+-------------------------------------------
     0 | D:1      | Deemzul the Octopode Berserker began the quest for the Orb.
     0 | D:1      | Reached XP level 1. HP: 16/16 MP: 1/1
    34 | D:1      | Reached XP level 2. HP: 12/21 MP: 2/2
   594 | D:1      | Reached XP level 3. HP: 26/26 MP: 3/3
   674 | D:2      | Reached ** piety under Trog
   675 | D:2      | Reached skill level 4 in Long Blades
   998 | D:2      | Found a blossoming altar of Fedhas.
  1129 | D:2      | Reached XP level 4. HP: 30/31 MP: 4/4
  1406 | D:2      | Found a runed door.
  1797 | D:2      | Noticed Crazy Yiuf
  1800 | D:2      | Slain by Crazy Yiuf

Vault maps used:
D:1:      lightli_arrival_maybe_door_vault, minmay_tetromino_s2
D:2:      minmay_wonky_spiral, fedhas_altar_2, uniq_crazy_yiuf_cottage

Skill      XL: |  1  2  3 |
---------------+----------+-----
Long Blades    | 4 |  4.6
Fighting       | |  3.3
Dodging        | |  3.3

Action                   |  1- 3 |  4- 6 || total
-------------------------+-------+-------++-------
Melee: Falchion          |    77 |    37 ||   114
       Constrict         |    20 |     8 ||    28
       Tentacles         |    10 |     9 ||    19
 Stab: Sleeping          |     7 |     2 ||     9
       Distracted        |       |     1 ||     1
  Eat: Chunk             |     1 |     2 ||     3
Armor: Skin              |     2 |     1 ||     3
Dodge: Dodged            |    41 |    22 ||    63
